 Dungeon Crawl Stone Soup version 0.28.0-45-g0d030f2227 (webtiles) character file.

Game seed: 10152787151536819013

47674 DuloT34 the Unseen (level 14, -7/92 HPs)
             Began as a Vampire Enchanter on May 24, 2022.
             Was a High Priest of Hepliaklqana.
             Killed by divine providence
             ... invoked by an orc priest
              (14 damage)
             ... on level 2 of the Orcish Mines.
             The game lasted 01:35:16 (25926 turns).

DuloT34 the Unseen (Vampire Enchanter)             Turns: 25926, Time: 01:35:16

Health: -7/92      AC: 13    Str:  7    XL:     14   Next: 9%
Magic:  13/22      EV: 17    Int: 20    God:    Hepliaklqana [*****.]
Gold:   1536       SH:  0    Dex: 18    Spells: 5/23 levels left

rFire   + + .      SeeInvis +   w - +8 dagger (vorpal)
rCold   + + +      Faith    .   (no shield)
rNeg    . . .      Spirit   .   A - +0 acid dragon scales
rPois   +          Reflect  .   M - +2 hat {Int+3}
rElec   +          Harm     .   (no cloak)
rCorr   +          Rampage  .   L - +0 pair of gloves
Will    ++...                   p - +1 pair of boots
Stlth   +++++++...              (no amulet)
HPRegen 0.45/turn               d - ring of willpower
MPRegen 0.18/turn               C - ring of Skepticism {rElec rF+ rC+ Dex-2}

@: confusing by touch, resistant, healing quickly
A: reduced essence, alive, fangs 3, see invisible, vampiric 2, iridescent scales
1, cold resistance 1
a: Exsanguinate, Renounce Religion, Recall Ancestor, Ancestor Identity,
Transference, Idealise


You were on level 2 of the Orcish Mines.
You worshipped Hepliaklqana.
Hepliaklqana was extremely pleased with you.
You visited 3 branches of the dungeon, and saw 17 of its levels.

You collected 1536 gold pieces.

Inventory:

Hand Weapons
 r - a +0 rapier of electrocution
 w - a +8 vorpal dagger (weapon)
 G - a +4 vampiric rapier
Missiles
 c - a silver boomerang
 z - 8 throwing nets (quivered)
Armour
 b - a +0 robe
 p - a +1 pair of boots (worn)
 y - a +1 helmet
 A - +0 acid dragon scales (worn)
 L - a +0 pair of gloves (worn)
 M - a +2 hat of intelligence (worn)
Jewellery
 d - a ring of willpower (left hand)
 x - a ring of willpower
 B - a ring of magical power
 C - the ring of Skepticism (right hand) {rElec rF+ rC+ Dex-2}
   (You found it on level 8 of the Dungeon)

   [ring of protection from cold]

   Dex:       It affects your dexterity (-2).
   rF:        It protects you from fire.
   rC:        It protects you from cold.
   rElec:     It insulates you from electricity.
 F - a ring of positive energy
Wands
 j - a wand of iceblast (10)
 t - a wand of acid (15)
 u - a wand of flame (8)
 P - a wand of paralysis (6)
Scrolls
 h - 4 scrolls of magic mapping
 l - a scroll of amnesia
 v - 2 scrolls of immolation
 D - 5 scrolls of identify
 J - 2 scrolls of fog
Potions
 e - 4 potions of flight
 i - 2 potions of attraction
 m - 6 potions of might
 o - 4 potions of lignification
 E - a potion of brilliance {unknown}
 H - a potion of berserk rage {unknown}
 O - a potion of haste
Miscellaneous
 a - a condenser vane


   Skills:
 + Level 7.2 Fighting
 + Level 13.5 Short Blades
 + Level 11.3 Dodging
 + Level 19.0 Stealth
 - Level 5.4 Spellcasting
 - Level 16.0 Hexes
 - Level 2.0 Invocations


You had 5 spell levels left.
You knew the following spells:

 Your Spells              Type           Power      Damage    Failure   Level
a - Ensorcelled Hibernat  Hex/Ice        74%        N/A       1%          2
b - Confusing Touch       Hex            62%        N/A       1%          3
c - Tukima's Dance        Hex            62%        N/A       1%          3
d - Dazzling Flash        Conj/Hex       74%        N/A       2%          3
e - Anguish               Hex/Necr       18%        N/A       8%          4
f - Mephitic Cloud        Conj/Pois/Air  5%         N/A       54%         3

Your spell library contained the following spells:

 Spells                   Type           Power      Damage    Failure   Level
 Portal Projectile        Hex/Tloc       74%        N/A       2%          3
 Leda's Liquefaction      Hex/Erth       18%        N/A       8%          4
 Shock                    Conj/Air       20%        1d4       22%         1
 Poisonous Vapours        Pois/Air       10%        N/A       32%         2
 Call Canine Familiar     Summ           5%         N/A       54%         3
 Frozen Ramparts          Ice            10%        1d3       54%         3
 Gell's Gravitas          Tloc           5%         N/A       54%         3
 Lesser Beckoning         Tloc           5%         N/A       54%         3
 Spider Form              Tmut/Pois      5%         N/A       54%         3
 Swiftness                Air            5%         N/A       54%         3
 Teleport Other           Tloc           5%         N/A       54%         3
 Airstrike                Air            2%         N/A       91%         4
 Ice Form                 Ice/Tmut       5%         N/A       91%         4
 Summon Ice Beast         Ice/Summ       5%         N/A       91%         4
 Blade Hands              Tmut           2%         N/A       99%         5
 Excruciating Wounds      Necr           2%         N/A       99%         5
 Fireball                 Conj/Fire      2%         3d4       99%         5
 Iskenderun's Battlesphe  Conj           5%         2d6       99%         5
 Conjure Ball Lightning   Conj/Air       2%         3x3d6     100%        6
 Starburst                Conj/Fire      2%         6d3       100%        6
 Orb of Destruction       Conj           2%         9d5       100%        7
 Lehudib's Crystal Spear  Conj/Erth      2%         10d2      100%        8


Dungeon Overview and Level Annotations

Branches:
Dungeon (12/15)            Temple (0/1) D:5            Lair (3/6) D:8
    Orc (2/2) D:12            Elf (0/3) Orc:2
  Swamp: Lair:2-4    Shoals: Lair:2-4     Snake: Lair:2-4    Spider: Lair:2-4

Altars:
Ashenzari
Cheibriados
Dithmenos
Fedhas
Hepliaklqana
Kikubaaqudgha
Nemelex Xobeh
Qazlal
Vehumet
Xom
Yredelemnul
Zin
The Shining One

Shops:
D:6 (   Orc:2 !*

Annotations:
D:8 2 transporters, LohmatiyShmel's ghost, novice GnFE
D:9 2 transporters, sking99's ghost, novice DrTm


Innate Abilities, Weirdness & Mutations

Your life essence is reduced to manifest your ancestor. (-10% HP)
Your natural rate of healing is accelerated.
You have razor-sharp teeth.
You have supernaturally acute eyesight. (SInv)
You are afflicted with vampirism and can become a bat while bloodless.
You are partially covered in iridescent scales. (AC +2)
Your flesh is cold resistant. (rC+)


Message History

Casting: Confusing Touch (safe; 1% risk of failure)
Confirm with . or Enter, or press ? or * to list all spells.
Aiming: Tukima's Dance (safe; 1% risk of failure)
Press: ? - help, Shift-Dir - straight line, f - orc
Aim: an orc, wielding a +0 falchion (wandering, hasn't noticed you, chance to confuse on hit: 87%, chance to affect: 87%)
The orc shouts!
The +0 falchion dances into the air!
The orc priest shouts!
The orc warrior shouts!
The orc shouts!
The orc wizard shouts!
You feel sick.
You are no longer poisoned.
You hear a shout! x4
The orc wizard hits your +0 falchion but does no damage.
Casting: Tukima's Dance (safe; 1% risk of failure)
Confirm with . or Enter, or press ? or * to list all spells.
Aiming: Tukima's Dance (safe; 1% risk of failure)
Press: ? - help, Shift-Dir - straight line, f - orc, p - orc
Aim: an orc, wielding a +0 war axe and wearing a +0 scale mail (chance to confuse on hit: 87%, chance to affect: 87%)
Okay, then.
Okay, then.
Valera is recalled.
You carefully extract the barbed spikes from your body.
A stone appears from out of your range of vision.
The stone barely misses your +0 falchion.
An orc priest comes into view. It is wielding a +0 club.
The orc wizard misses your +0 falchion.
An orc sorcerer comes into view.
It is wielding a +1 dagger of protection.
Valera gestures at the orc while chanting.
The orc seems to slow down.
Casting: Tukima's Dance (safe; 1% risk of failure)
Confirm with . or Enter, or press ? or * to list all spells.
Aiming: Tukima's Dance (safe; 1% risk of failure)
Press: ? - help, Shift-Dir - straight line, f - orc, p - orc
Aim: an orc, wielding a +0 war axe and wearing a +0 scale mail (chance to confuse on hit: 87%, chance to affect: 87%)
The +0 war axe dances into the air!
An ogre comes into view. It is wielding a +0 giant club.
An orc comes into view.
It is wielding a +1 whip of electrocution.
The orc priest mumbles some strange prayers to Beogh against you.
Beogh smites you!
You die...

..........
..O#o.....
#.........
#.........
##.o.....
#....oo# .
#...(##oo.
#Ro..o....
##@.o.#.#.
##...o...
#(...o.
#.#... ##
.. .


You could see the friendly Valera the hexer, 2 orc warriors, an ogre, 3 orc
priests, 3 orc wizards, 3 orcs and 2 friendly dancing weapons.

Vanquished Creatures
  Gastronok (D:10)
  Josephine (Orc:1)
  Harold (Orc:1)
  3 hydras
  A boulder beetle (D:12)
  7 two-headed ogres
  Erica (D:10)
  A death yak (Lair:2)
  A lindwurm (Lair:2)
  2 phantasmal warriors (D:12)
  11 orc knights
  3 deep elf pyromancers
  2 cyclopes
  An ugly thing (D:9)
  4 elephants (Lair:3)
  Joseph (D:10)
  4 black mambas
  8 cane toads
  An unseen horror (D:11)
  A komodo dragon (Lair:3)
  A freezing wraith (D:12)
  5 trolls
  A hornet (D:9)
  4 slime creatures (D:12)
  6 dream sheep (Lair:3)
  4 blink frogs (Lair:2)
  4 shadows
  8 wraiths
  A wyvern (D:7)
  A vampire (D:10)
  A yak (D:9)
  Eustachio (D:5)
  3 basilisks (Lair:2)
  A steam dragon (D:9)
  A warg (Orc:1)
  7 vampire mosquitoes
  9 water moccasins
  3 acid dragons
  Duvessa (D:5)
  A hornet zombie (D:6)
  18 orc warriors
  An ice beast (D:8)
  A sky beast (D:7)
  A necrophage (D:6)
  2 black bears
  16 wolves
  5 ogres
  3 centaurs
  A phantom (D:5)
  A kobold brigand (D:7)
  15 bullfrogs
  A gnoll sergeant (D:6)
  A water moccasin skeleton (D:5)
  7 killer bees
  4 wights
  4 howler monkeys
  2 hexers
  18 orc priests
  3 jellies
  5 centaur zombies
  A gnoll shaman (D:7)
  5 hounds
  5 iguanas
  16 orc wizards
  2 killer bee zombies (D:9)
  3 hound skeletons
  2 howler monkey zombies
  5 gnolls
  6 adders
  3 shadow imps
  A white imp (D:5)
  An ufetubus (D:4)
  2 adder skeletons (D:4)
  A worm (D:4)
  3 dart slugs
  49 orcs
  5 ball pythons
  8 bats
  8 endoplasms
  3 giant cockroaches
  4 hobgoblins
  3 jackals (D:3)
  15 kobolds
  2 training dummies (D:6)
  6 frilled lizards
  9 goblins
  5 rats
400 creatures vanquished.

Vanquished Creatures (collateral kills)
  A death knight (D:12)
  An orc knight (Orc:1)
  A rime drake (Lair:3)
  A blink frog (Lair:2)
  A steam dragon (D:9)
  A water moccasin (Lair:3)
  14 orc warriors
  4 wolves
  3 ogres
  A kobold brigand (D:9)
  2 bullfrogs
  Dowan (D:5)
  9 wights
  A killer bee (D:9)
  A howler monkey (D:9)
  2 electric eels (D:8)
  2 centaur zombies
  3 hounds
  4 orc priests
  6 orc wizards
  8 gnolls
  26 orcs
  A kobold (D:7)
  A training dummy (D:6)
  A butterfly (Lair:2)
96 creatures vanquished.

Vanquished Creatures (others)
  A two-headed ogre (D:9)
  22 dancing weapons
  An ancestor (D:5)
  27 hexers
  2 fungi (Lair:3)
  7 plants
60 creatures vanquished.

Grand Total: 556 creatures vanquished

Notes
Turn   | Place    | Note
-------+----------+-------------------------------------------
     0 | D:1      | DuloT34 the Vampire Enchanter began the quest for the Orb.
     0 | D:1      | Reached XP level 1. HP: 13/13 MP: 3/3
   137 | D:1      | Reached XP level 2. HP: 19/19 MP: 5/5
   140 | D:1      | Learned a level 2 spell: Ensorcelled Hibernation
   436 | D:1      | Reached skill level 5 in Stealth
   501 | D:1      | Found a faded altar of an unknown god.
   516 | D:1      | Reached skill level 5 in Hexes
   761 | D:1      | Gained mutation: You are afflicted with vampirism and can
                  | become a bat while bloodless. [Vampire growth]
   761 | D:1      | Reached XP level 3. HP: 24/24 MP: 6/6
  1414 | D:2      | Gained mutation: You are partially covered in iridescent
                  | scales. (AC +2) [potion of mutation]
  1414 | D:2      | Gained mutation: Your flesh is cold resistant. (rC+)
                  | [potion of mutation]
  1421 | D:2      | Reached XP level 4. HP: 11/30 MP: 1/7
  2158 | D:3      | Reached skill level 6 in Stealth
  2237 | D:3      | Reached XP level 5. HP: 29/35 MP: 5/8
  2755 | D:3      | Learned a level 3 spell: Confusing Touch
  2759 | D:3      | Learned a level 3 spell: Tukima's Dance
  2764 | D:3      | Found a shimmering altar of Xom.
  2767 | D:3      | Found an ancient bone altar of Kikubaaqudgha.
  2769 | D:3      | Found a broken altar of Ashenzari.
  2807 | D:3      | Found a blossoming altar of Fedhas.
  2807 | D:3      | Found a sparkling altar of Nemelex Xobeh.
  2808 | D:3      | Found a basalt altar of Yredelemnul.
  2808 | D:3      | Found a shadowy altar of Dithmenos.
  2809 | D:3      | Found a stormy altar of Qazlal.
  2810 | D:3      | Found a hazy altar of Hepliaklqana.
  2813 | D:3      | Became a worshipper of Hepliaklqana the Forgotten
  3171 | D:4      | Reached skill level 7 in Stealth
  3171 | D:4      | Reached XP level 6. HP: 41/41 MP: 4/9
  4242 | D:4      | Reached * piety under Hepliaklqana
  4249 | D:5      | Entered Level 5 of the Dungeon
  4261 | D:5      | Noticed Eustachio
  4262 | D:5      | Found a staircase to the Ecumenical Temple.
  4270 | D:5      | Killed Eustachio
  4271 | D:5      | Reached skill level 8 in Stealth
  4271 | D:5      | Reached XP level 7. HP: 41/41 MP: 7/10
  4311 | D:5      | Reached skill level 5 in Short Blades
  4637 | D:5      | Noticed Duvessa
  4638 | D:5      | Noticed Dowan
  4658 | D:5      | Killed Duvessa
  4659 | D:5      | Reached skill level 1 in Fighting
  4676 | D:5      | Killed Dowan
  4677 | D:5      | Reached skill level 9 in Stealth
  4684 | D:5      | Found a snail-covered altar of Cheibriados.
  4798 | D:5      | Reached XP level 8. HP: 50/50 MP: 8/11
  5361 | D:5      | Reached ** piety under Hepliaklqana
  5362 | D:5      | Remembered your ancestor Valera as a hexer
  5612 | D:6      | Noticed a four-headed hydra
  5973 | D:6      | Reached skill level 10 in Stealth
  6332 | D:5      | Reached skill level 10 in Hexes
  6386 | D:5      | Learned a level 3 spell: Dazzling Flash
  6555 | D:6      | Reached XP level 9. HP: 57/57 MP: 12/12
  6977 | D:6      | Reached skill level 11 in Stealth
  6986 | D:6      | Killed a four-headed hydra
  7196 | D:6      | Found Pecs's Firing Range.
  7603 | D:7      | Found a radiant altar of Vehumet.
  7695 | D:7      | Reached skill level 12 in Stealth
  7965 | D:7      | Reached skill level 5 in Fighting
  8357 | D:8      | Noticed a troll
  8610 | D:7      | Reached XP level 10. HP: 41/66 MP: 9/13
  8808 | D:8      | Found a transporter.
  8809 | D:8      | Noticed a two-headed ogre
  8810 | D:8      | Identified the ring of Skepticism {rElec rF+ rC+ Dex-2}
  8810 | D:8      | Noticed LohmatiyShmel's ghost (novice GnFE)
  8833 | D:8      | Reached *** piety under Hepliaklqana
  8836 | D:8      | Found a staircase to the Lair.
  9078 | D:8      | Noticed a two-headed ogre
  9085 | D:8      | Killed a two-headed ogre
  9221 | D:8      | Found a transporter.
  9469 | D:8      | Reached skill level 13 in Stealth
  9688 | Lair:1   | Entered Level 1 of the Lair of Beasts
  9700 | Lair:1   | Noticed a cane toad
  9704 | Lair:1   | Killed a cane toad
  9731 | Lair:1   | Noticed a black mamba
  9735 | Lair:1   | Killed a black mamba
 10090 | D:9      | Noticed a two-headed ogre
 10091 | D:9      | Noticed a two-headed ogre
 10095 | D:9      | Reached skill level 5 in Dodging
 10906 | D:8      | Learned a level 4 spell: Anguish
 10940 | D:9      | Found a transporter.
 10940 | D:9      | Found a transporter.
 10940 | D:9      | Noticed sking99's ghost (novice DrTm)
 11028 | D:9      | Noticed a cyan ugly thing
 11037 | D:9      | Killed a cyan ugly thing
 11038 | D:9      | Reached XP level 11. HP: 63/71 MP: 13/17
 11165 | D:9      | Killed a two-headed ogre
 11254 | D:9      | Reached skill level 14 in Stealth
 11360 | D:9      | Noticed a two-headed ogre
 11420 | D:9      | Killed a two-headed ogre
 11533 | D:9      | Reached skill level 5 in Spellcasting
 11593 | D:9      | Noticed a two-headed ogre
 11701 | D:9      | Noticed a two-headed ogre
 11933 | D:9      | Identified a scroll of acquirement
 11934 | D:9      | Acquired a +4 vampiric rapier
 11957 | D:9      | Killed a two-headed ogre
 12215 | D:9      | Killed a two-headed ogre
 12327 | D:9      | Reached skill level 10 in Short Blades
 12341 | D:9      | Noticed a six-headed hydra
 12684 | D:9      | Killed a two-headed ogre
 12736 | D:9      | Paralysed by a hornet for 3 turns
 12910 | D:9      | Got the Grimoire of Harmful Feathers
 12925 | D:9      | Learned a level 3 spell: Mephitic Cloud
 13430 | Lair:1   | Reached skill level 15 in Stealth
 14100 | Lair:2   | Reached **** piety under Hepliaklqana
 14279 | Lair:2   | Reached XP level 12. HP: 77/77 MP: 14/20
 15386 | Lair:3   | Reached skill level 16 in Stealth
 15529 | Lair:3   | Noticed a five-headed hydra
 16140 | Lair:3   | Noticed a death yak
 16141 | Lair:3   | Noticed a death yak
 16142 | Lair:3   | Noticed a death yak
 16154 | Lair:3   | Noticed a death yak
 16322 | D:10     | Entered Level 10 of the Dungeon
 16322 | D:10     | Noticed Joseph
 16324 | D:10     | Noticed Erica
 16444 | D:10     | Noticed a two-headed ogre
 16451 | D:10     | Killed a two-headed ogre
 16551 | D:10     | Killed Erica
 16886 | D:10     | Killed Joseph
 16962 | D:10     | Reached ***** piety under Hepliaklqana
 17257 | D:10     | Noticed Gastronok
 17275 | D:10     | Killed Gastronok
 17276 | D:10     | Reached skill level 17 in Stealth
 17276 | D:10     | Reached skill level 1 in Invocations
 17893 | D:12     | Reached XP level 13. HP: 86/86 MP: 21/21
 19249 | D:12     | Identified the +5 mace "Yniastriu" {vorpal, Int+4}
 19356 | D:12     | Reached skill level 10 in Dodging
 19439 | D:12     | Found a staircase to the Orcish Mines.
 19993 | D:12     | Reached skill level 18 in Stealth
 19993 | D:12     | Reached skill level 15 in Hexes
 20257 | Orc:1    | Entered Level 1 of the Orcish Mines
 20362 | Orc:1    | Noticed Harold
 20378 | Orc:1    | Killed Harold
 20525 | Orc:2    | Entered Level 2 of the Orcish Mines
 21325 | Orc:1    | HP: 2/86 [orc warrior/+0 flail (23)]
 21330 | Orc:1    | HP: 4/86 [orc knight (9)]
 21511 | Orc:1    | Noticed Josephine
 21537 | Orc:1    | Killed Josephine
 24772 | Orc:2    | Reached XP level 14. HP: 51/92 MP: 15/22
 25327 | Orc:2    | Found a staircase to the Elven Halls.
 25336 | Orc:2    | Found Qer Itum's General Store.
 25337 | Orc:2    | Found Ophen's Distillery.
 25791 | Orc:2    | Reached skill level 19 in Stealth
 25926 | Orc:2    | Killed from afar by an orc priest

Illustrated notes

Levels and vault maps discovered:
D:1:      minmay_arrival_shattered_statue, layout_basic,
          hellmonk_ecumenical_altar_heavens_door
D:2:      layout_basic
D:3:      layout_basic, minitemple
D:4:      layout_basic, minmay_misc_feat_ornament
D:5:      layout_basic, cheibriados_altar_1, minmay_temple_entry_waves,
          uniq_eustachio, uniq_duvessa
D:6:      layout_basic, nicolae_shop_firing_range
D:7:      layout_basic, old_standard_altar, st_stairs_10
D:8:      layout_gridville, erik_lair_island, gammafunk_ghost_arena
D:9:      layout_long_grid, gammafunk_ghost_hive, minivault_1,
          minmay_the_grid_2x2 [minmay_the_grid_stretched_grid,
          minmay_the_grid_tiny_cups, minmay_the_grid_rooms,
          minmay_the_grid_prize_four_corners_diamond_b]
D:10:     layout_gridville, gammafunk_temple_overflow_elements, uniq_joseph,
          uniq_erica, uniq_gastronok
D:11:     layout_roguey
D:12:     layout_gridville, orc_0_dummy
Lair:1:   layout_chaotic_city, nicolae_lair_grove_arrangements,
          grunt_megastairs_3
Lair:2:   layout_hall_layers, lemuel_fruit_fields
Lair:3:   layout_roguey, gauntlet_entry_generic, grunt_megastairs_4
Orc:1:    layout_diamond_mine, special_room [special_room_orc],
          nicolae_orc_tapped_out, uniq_josephine, uniq_harold
Orc:2:    pf_orc_diabolical, layout_caves, rock_pile

Skill      XL: |  1  2  3  4  5  6  7  8  9 10 11 12 13 14 |
---------------+-------------------------------------------+-----
Stealth        | 5 6 7 8 9 10 12 13 15 17 18 19 | 19.0
Hexes          | 5 6 7 8 10 11 12 14 15 16 | 16.0
Short Blades   | 2 3 4 5 6 8 9 10 12 13 | 13.5
Fighting       | 1 3 5 7 |  7.2
Dodging        | 3 5 7 9 11 | 11.3
Spellcasting   | 4 5 |  5.4
Invocations    | 1 2 |  2.0

Action                   |  1- 3 |  4- 6 |  7- 9 | 10-12 | 13-15 || total
-------------------------+-------+-------+-------+-------+-------++-------
Melee: Dagger            |   110 |    13 |   121 |   140 |   208 ||   592
       Bite              |     6 |    26 |    31 |    61 |    80 ||   204
       Punch             |     1 |     5 |    10 |     4 |    10 ||    30
       Short sword       |       |   181 |    99 |       |       ||   280
       Rapier            |       |       |       |   305 |   286 ||   591
 Cast: Ensorcelled Hiber |    15 |    28 |    41 |   115 |    45 ||   244
       Confusing Touch   |       |     6 |    12 |    39 |    49 ||   106
       Tukima's Dance    |       |     2 |    14 |    26 |    74 ||   116
       Anguish           |       |       |       |     3 |       ||     3
       Dazzling Flash    |       |       |       |     1 |     2 ||     3
Invok: Ancestor Identity |       |     1 |       |       |       ||     1
       Ancestor Life: He |       |       |     1 |       |       ||     1
       Recall Ancestor   |       |       |     1 |     1 |     6 ||     8
       Transference      |       |       |       |       |     1 ||     1
Evoke: Wand              |       |       |     1 |    11 |     7 ||    19
       Condenser vane    |       |       |       |     1 |       ||     1
  Use: Scroll            |     3 |     5 |     4 |     7 |    11 ||    30
       Potion            |     2 |       |       |     1 |    13 ||    16
 Stab: Sleeping          |    20 |    25 |    27 |    58 |    20 ||   150
       Confused          |       |     3 |    12 |    39 |    41 ||    95
       Distracted        |       |       |     5 |     7 |     2 ||    14
Armor: Robe              |    17 |    74 |    43 |    29 |       ||   163
       Acid dragon scale |       |       |       |   124 |   104 ||   228
Dodge: Dodged            |    56 |    99 |    88 |   323 |   293 ||   859
